Map: Odyssée EC

Players

DisK

  • Race: Protoss Protoss
  • League: Grandmaster
  • Spawn Location: 11:00

zuka - Winner!

  • Race: Protoss Protoss
  • League: Master
  • Spawn Location: 5:00

VOD

Have the link to the VOD?

Description

Time

  • Played on: Dec. 8, 2017, 2:44 p.m.
  • Length: 9:05
Show
View Real Time Build Order
Export as new Build Order

DisK Protoss 

Build Orders:  

Get SALT Encoding   

  12  0:00  Probe  
  13  0:12  Probe  
  14  0:19  Pylon  
  14  0:24  Probe  
  15  0:37  Probe (Chrono Boost)  
  15  0:38  Gateway  
  16  0:48  Assimilator  
  16  0:49  Probe (Chrono Boost)  
  17  0:52  Probe (Chrono Boost)  
  17  0:57  Assimilator  
  18  1:04  Probe  
  19  1:11  Gateway  
  19  1:16  Probe  
  20  1:25  Cybernetics Core  
  20  1:28  Probe  
  21  1:35  Pylon  
  21  1:40  Probe  
  22  1:53  Probe  
  23  2:02  Stalker x2  
  23  2:03  Warp Gate (Chrono Boost)  
  27  2:15  Probe  
  28  2:19  Pylon  
  28  2:32  Stalker  
  30  2:37  Stalker  
  30  2:41  Robotics Facility  
  32  3:01  Probe  
  33  3:09  Shield Battery  
  32  3:18  Probe  
  33  3:24  Nexus  
  33  3:32  Probe, Observer  
  35  3:37  Pylon  
  35  3:49  Sentry  
  35  3:51  Probe  
  38  3:58  Immortal (Chrono Boost)  
  42  4:04  Pylon  
  42  4:05  Probe  
  43  4:14  Stalker  
  44  4:17  Probe  
  45  4:29  Twilight Council  
  45  4:31  Probe (Chrono Boost)  
  47  4:38  Probe (Chrono Boost)  
  49  4:47  Probe x2 (Chrono Boost)  
  49  4:49  Probe  
  49  4:52  Probe  
  51  4:55  Warp Prism  
  51  4:59  Pylon  
  53  5:03  Probe  
  53  5:04  Probe  
  55  5:11  Blink (Chrono Boost)  
  55  5:15  Probe  
  55  5:16  Probe  
  55  5:21  Adept x2  
  61  5:30  Assimilator, Probe x2  
  63  5:42  Probe  
  64  5:45  Immortal  
  68  5:50  Assimilator  
  68  5:51  Stalker x2  
  72  5:58  Pylon  
  72  6:00  Probe  
  72  6:01  Probe  
  74  6:07  Gateway x2  
  74  6:11  Gateway  
  74  6:15  Gateway  
  74  6:17  Probe  
  75  6:30  Adept x2  
  75  6:31  Immortal (Chrono Boost)  
  83  6:51  Stalker  
  77  7:01  Stalker  
  70  7:13  Zealot x4  
  56  7:32  Stalker x2  
  56  7:34  Stalker x4  
  60  7:55  Probe  
  57  8:01  Stalker x2  
  61  8:12  Observer  
  56  8:18  Zealot x2  
  44  8:25  Zealot  
  36  8:28  Probe  
  36  8:31  Observer (Chrono Boost)  
Show
View Real Time Build Order
Export as new Build Order

zuka Protoss - Winner!

Build Orders: Zealot Archon, Dark Templar Rush 

Get SALT Encoding   

  12  0:00  Probe  
  13  0:13  Probe  
  14  0:18  Pylon  
  14  0:25  Probe (Chrono Boost)  
  15  0:39  Probe (Chrono Boost), Gateway  
  17  0:42  Probe (Chrono Boost)  
  17  0:47  Assimilator  
  17  0:53  Probe  
  17  0:56  Assimilator  
  18  1:05  Probe (Chrono Boost)  
  20  1:15  Probe (Chrono Boost), Gateway  
  20  1:19  Probe  
  21  1:27  Cybernetics Core  
  21  1:32  Probe  
  22  1:38  Pylon  
  22  1:44  Probe  
  23  1:56  Probe  
  24  2:05  Stalker  
  28  2:12  Twilight Council  
  28  2:15  Warp Gate (Chrono Boost)  
  28  2:19  Stalker  
  28  2:28  Pylon  
  28  2:41  Pylon  
  28  2:44  Stalker  
  28  2:49  Dark Shrine  
  31  2:51  Probe  
  31  3:07  Probe  
  31  3:20  Nexus  
  31  3:22  Pylon  
  31  3:26  Probe  
  32  3:38  Probe  
  33  3:42  Pylon, Shield Battery  
  33  3:50  Probe  
  34  4:02  Probe, Dark Templar x2  
  39  4:14  Probe  
  39  4:16  Charge  
  40  4:23  Gateway  
  40  4:27  Probe  
  39  4:34  Probe (Chrono Boost)  
  40  4:39  Probe (Chrono Boost)  
  43  4:47  Probe (Chrono Boost)  
  43  4:49  Probe x2 (Chrono Boost)  
  44  4:53  Probe  
  44  4:56  Gateway  
  44  4:58  Gateway  
  44  4:59  Probe  
  46  5:05  Dark Templar  
  48  5:07  Dark Templar  
  50  5:18  Archon, Gateway  
  50  5:20  Gateway  
  50  5:23  Gateway  
  50  5:27  Dark Templar  
  52  5:32  Pylon  
  52  5:33  Archon  
  52  5:49  Gateway  
  52  5:52  Dark Templar x2  
  56  5:57  Pylon  
  56  6:00  Pylon  
  56  6:02  Pylon  
  56  6:05  Gateway  
  56  6:10  Zealot  
  56  6:11  Zealot x2  
  62  6:21  Pylon  
  62  6:26  Zealot x2  
  62  6:27  Zealot  
  62  6:30  Dark Templar  
  62  6:31  Dark Templar  
  72  6:35  Archon x2  
  72  6:36  Zealot  
  72  6:37  Zealot  
  76  6:41  Zealot  
  78  6:51  Zealot x2  
  78  6:52  Zealot  
  77  7:05  Zealot  
  77  7:06  Zealot x3  
  71  7:22  Dark Templar  
  71  7:23  Zealot x2  
  71  7:24  Zealot  
  71  7:26  Zealot  
  73  7:51  Zealot x4  
  75  7:52  Zealot x4  
  73  8:19  Dark Templar  
  69  8:20  Zealot x5  
  69  8:21  Zealot x2  
  61  8:53  Dark Templar  
  61  8:54  Zealot x2  
  61  8:55  Zealot x5  
Tags
 
Add a new tag
Caveats
  • Supply blocks, unpowered buildings, or Contaminate may cause inaccurate times.
  • Supply counts are checked every 10 seconds.